 Dungeon Crawl Stone Soup version 0.20-a0-891-ga2611f4 (webtiles) character file.

5400 RKaid the Grappler (level 10, -7/102 HPs)
             Began as a Troll Monk on Mar 16, 2017.
             Was an Elder of Yredelemnul.
             Mangled by a warg (15 damage)
             ... on level 8 of the Dungeon.
             The game lasted 00:16:39 (7006 turns).

RKaid the Grappler (Troll Monk)                     Turns: 7006, Time: 00:16:40

Health: -7/102     AC:  6    Str: 24    XL:     10   Next: 40%
Magic:  13/13      EV: 10    Int:  6    God:    Yredelemnul [****..]
Gold:   410        SH:  0    Dex: 12    Spells: 9/9 levels left

rFire    . . .     SeeInvis .     - Unarmed
rCold    . . .     Gourm    +   c - +1 robe
rNeg     + . .     Faith    .   (no shield)
rPois    +         Spirit   .   (helmet restricted)
rElec    .         Reflect  .   (no cloak)
rCorr    .         Harm     .   (gloves unavailable)
MR       .....                  (boots unavailable)
Stlth    ++........             (no amulet)
Regen    0.7/turn               F - ring of positive energy {rN+}
MPRegen  0.2/turn               o - ring of poison resistance {rPois}

@: no status effects
A: unfitting armour, claws 3, fast metabolism 3, gourmand, regeneration 1,
shaggy fur 1, tough skin 2
a: Recall Undead Slaves, Injury Mirror, Animate Dead, Drain Life, Renounce
Religion


You were on level 8 of the Dungeon.
You worshipped Yredelemnul.
Yredelemnul was greatly pleased with you.
You were completely stuffed.

You visited 2 branches of the dungeon, and saw 9 of its levels.
You also visited: Ossuary.

You collected 410 gold pieces.

Inventory:

Hand Weapons
 u - the +7 dagger of Discomfort {vamp, Int+4, unknown}
   (You found it on level 4 of the Dungeon)

   It inflicts no extra harm, but heals its wielder when it wounds a living foe.
   It affects your intelligence (+4).
Armour
 c - a +1 robe (worn)
   (You found it on level 1 of the Dungeon)
Jewellery
 o - a ring of poison resistance (left claw) {rPois}
   (You found it on level 4 of the Dungeon)
 F - a ring of positive energy (right claw) {rN+}
   (You found it on level 6 of the Dungeon)
Wands
 G - a wand of iceblast (7/15)
   (You found it on level 7 of the Dungeon)
Scrolls
 a - 7 scrolls of remove curse
 i - 4 scrolls of identify
 k - a scroll of amnesia
 p - 2 scrolls of immolation {!r}
 q - a scroll of fear
 v - 4 scrolls of magic mapping {!r}
 y - 2 scrolls of blinking {!r}
 A - 2 scrolls of enchant armour
 D - a scroll of enchant weapon {unknown}
 E - a scroll of teleportation
Potions
 d - 5 potions of flight
 e - a potion of brilliance
 g - a potion of resistance {unknown}
 h - 2 potions of ambrosia
 j - 2 potions of curing
 l - a potion of heal wounds {unknown}
 m - a potion of haste
 r - a potion of cancellation
 s - 3 potions of mutation {!q}
 t - 2 potions of berserk rage {unknown}
 w - a potion of might {unknown}
 x - a potion of magic {unknown}
 z - a potion of agility {unknown}
 B - a potion of invisibility {unknown}
 C - a potion of lignification {!q}
Comestibles
 b - 6 bread rations
 f - a meat ration
 n - 9 chunks of flesh


   Skills:
 + Level 7.3 Fighting
 - Level 2.4 Dodging
 - Level 1.0 Stealth
 * Level 11.8 Unarmed Combat
 + Level 5.7 Invocations


You had 9 spell levels left.
You didn't know any spells.

Dungeon Overview and Level Annotations

Branches:
Dungeon (8/15)             Temple (1/1) D:7
   Lair: D:8-11

Altars:
Ashenzari
Cheibriados
Dithmenos
Elyvilon
Fedhas
Gozag
Hepliaklqana
Kikubaaqudgha
Makhleb
Nemelex Xobeh
Okawaru
Qazlal
Ru
Sif Muna
Trog
Uskayaw
Vehumet
Wu Jian
Xom
Yredelemnul
Zin
The Shining One

Shops:
D:4 (

Annotations:
D:3 Grinder


Innate Abilities, Weirdness & Mutations

You are too large for most types of armour.
You have claws for hands.
Your metabolism is lightning-fast.
You like to eat raw meat.
Your natural rate of healing is unusually fast.
You are covered in fur. (AC +1)
You have very tough skin. (AC +2)


Message History

You kill the centaur!
Yredelemnul accepts your kill.
No target in view!
No target in view!
You now have 410 gold pieces (gained 13).
Things that are here:
an uncursed shortbow; 11 arrows You swap places.
You swap places.
You swap places.
A two-headed ogre comes into view.
It is wielding a giant club and a giant spiked club.
The two-headed ogre shouts in stereo!
You swap places.
You swap places.
You swap places.
The two-headed ogre hits your bullfrog zombie with a giant club!!
The two-headed ogre hits your bullfrog zombie with a giant spiked club.
Your bullfrog zombie hits the two-headed ogre.
Your bullfrog zombie barely misses the two-headed ogre.
The two-headed ogre barely misses your bullfrog zombie. x2
Your bullfrog zombie hits the two-headed ogre.
Your bullfrog zombie closely misses the two-headed ogre.
The two-headed ogre barely misses your bullfrog zombie.
The two-headed ogre hits your bullfrog zombie with a giant spiked club!!
Your bullfrog zombie is destroyed!
Your killer bee zombie hits the two-headed ogre but does no damage.
Your killer bee zombie hits the two-headed ogre but does no damage.
The two-headed ogre hits your killer bee zombie with a giant club!
The two-headed ogre hits your killer bee zombie with a giant spiked club!!
Your killer bee zombie is destroyed!
The two-headed ogre hits your orc zombie with a giant club!
The two-headed ogre hits your orc zombie with a giant spiked club!!
Your orc zombie is destroyed!
You mangle the two-headed ogre!! You claw the two-headed ogre!
You claw the two-headed ogre!
The two-headed ogre hits you with a giant club!
The two-headed ogre barely misses you.
You claw the two-headed ogre!
You kill the two-headed ogre!
Yredelemnul accepts your kill.
Things that are here:
a giant club; a giant spiked club You start resting.
Eating one of 4 chunks of flesh.
You eat one of the 4 chunks of flesh.
This raw flesh tastes great.
A warg comes into view.
A warg is nearby!
The warg howls!
The warg bites you! x2
You closely miss the warg. The warg barely misses you.
You closely miss the warg. The warg bites you but does no damage.
You closely miss the warg. The warg bites you.
You scratch the warg. The warg bites you!
You closely miss the warg. The warg bites you!
You eviscerate the warg!!!
You kill the warg!
Yredelemnul accepts your kill.
You see here a warg corpse.
You butcher the warg corpse.
n - 9 chunks of flesh (gained 6)
You see here a warg skeleton. x2
Found a hazy altar of Hepliaklqana.
Found a radiant altar of Vehumet.
Found a hide-covered altar of Uskayaw and a basalt altar of Yredelemnul.
Found a bloodstained altar of Trog.
A warg comes into view.
A warg is nearby!
A warg is nearby!
A warg is nearby!
Found a glowing golden altar of the Shining One.
A warg comes into view.
There is a basalt altar of Yredelemnul here.
A warg is nearby!
A warg is nearby!
A warg is nearby!
A warg is nearby!
A warg is nearby!
The warg howls!
The warg howls!
You barely miss the warg. The warg bites you.
You barely miss the warg. The warg bites you! The warg bites you.
You are too injured to fight recklessly!
You are too injured to fight recklessly!
You are too injured to fight recklessly!
You are too injured to fight recklessly!
You are too injured to fight recklessly!
The warg bites you.
You are too injured to fight recklessly!
You are too injured to fight recklessly!
You closely miss the warg. You claw the warg! The warg barely misses you.
The warg pauses to sniff the ground.
The warg barely misses you.
You barely miss the warg. The warg bites you! x2
You mangle the warg!! The warg bites you!
* * * LOW HITPOINT WARNING * * *
The warg bites you!
* * * LOW HITPOINT WARNING * * *
You barely miss the warg. The warg bites you!
You die...
Your body rises from the dead as a mindless zombie.

### ..### ....# #####
..#. ##__.## ..#.#
#_....# ..... ..#
###..### ###.# #.#
♣@h...# ###.# #.#
###h.### ....# #.#
#....._# ##### #.#
###..### .## #.# #_....#
..## #.# ###..### ...##
##.## #....._#
....####...#####8..8##..
....'..............h.....


You could see 2 wargs.

Vanquished Creatures
  2 two-headed ogres
  The ghost of morbho the Vexing, a novice SpEn (D:6)
  A hippogriff (D:8)
  Sigmund (D:3)
  Edmund (D:6)
  The ghost of Vesto the Skirmisher, an amateur GrFi (D:3)
  A warg (D:8)
  A sky beast (D:6)
  Duvessa (D:4)
  A black bear (D:7)
  3 orc warriors
  A phantom (D:8)
  A necrophage (D:6)
  A centaur (D:8)
  A big kobold (D:7)
  4 bullfrogs
  Dowan (D:4)
  A water moccasin skeleton (D:6)
  A water moccasin zombie (Ossuary)
  8 killer bees
  2 scorpions
  A howler monkey (D:4)
  A crimson imp (D:5)
  3 centaur zombies (Ossuary)
  A quasit (D:8)
  3 bullfrog zombies (Ossuary)
  A jelly (D:5)
  7 orc priests
  A centaur skeleton (D:5)
  A bullfrog skeleton (D:6)
  An iguana (D:5)
  5 orc wizards
  6 worker ants
  3 killer bee zombies (Ossuary)
  A howler monkey zombie (D:6)
  9 mummies (Ossuary)
  6 worker ant zombies
  7 gnolls
  A howler monkey skeleton (D:7)
  7 adders
  2 shadow imps
  2 adder zombies (Ossuary)
  An adder skeleton (D:7)
  A worm (D:2)
  A dart slug (D:1)
  5 leopard geckos
  32 orcs
  11 bats
  6 giant cockroaches
  11 goblins
  2 hobgoblins
  5 jackals (D:8)
  11 kobolds
  4 quokkas
  4 frilled lizards
  4 giant cockroach zombies (Ossuary)
  A jackal zombie (Ossuary)
  A leopard gecko skeleton (D:7)
  3 leopard gecko zombies (Ossuary)
  9 rats
216 creatures vanquished.

Vanquished Creatures (collateral kills)
  2 mummies (D:6)
2 creatures vanquished.

Vanquished Creatures (others)
  A bullfrog zombie (D:8)
  A killer bee zombie (D:8)
  An orc zombie (D:8)
3 creatures vanquished.

Grand Total: 221 creatures vanquished

Notes
Turn   | Place    | Note
-------+----------+-------------------------------------------
     0 | D:1      | RKaid the Troll Monk began the quest for the Orb.
     0 | D:1      | Reached XP level 1. HP: 22/22 MP: 0/0
   108 | D:1      | Reached XP level 2. HP: 28/29 MP: 1/1
   603 | D:2      | Reached XP level 3. HP: 35/36 MP: 2/2
   693 | D:2      | Reached skill level 4 in Unarmed Combat
   925 | D:2      | Reached skill level 3 in Fighting
   989 | D:2      | Reached XP level 4. HP: 40/45 MP: 3/3
  1189 | D:2      | Found a faded altar of an unknown god.
  1419 | D:3      | Found a shattered altar of Ashenzari.
  1644 | D:3      | Reached XP level 5. HP: 53/53 MP: 4/4
  1651 | D:3      | Reached skill level 5 in Unarmed Combat
  1657 | D:3      | Noticed Vesto's ghost (amateur GrFi)
  1714 | D:3      | Killed Vesto's ghost
  1752 | D:3      | Reached XP level 6. HP: 55/62 MP: 5/5
  1815 | D:3      | Noticed Sigmund
  1846 | D:3      | Killed Sigmund
  1846 | D:3      | Reached skill level 4 in Fighting
  1846 | D:3      | Reached skill level 6 in Unarmed Combat
  1889 | D:3      | Reached XP level 7. HP: 65/71 MP: 6/6
  2054 | D:3      | Noticed Grinder
  2120 | D:4      | Got an ichor-stained dagger
  2174 | D:5      | Entered Level 5 of the Dungeon
  2175 | D:5      | Reached skill level 7 in Unarmed Combat
  2235 | D:4      | Noticed Duvessa
  2235 | D:4      | Noticed Dowan
  2248 | D:4      | Killed Duvessa
  2251 | D:4      | Killed Dowan
  2390 | D:4      | Found a basalt altar of Yredelemnul.
  2422 | D:4      | Found Feimis's Weapon Shoppe.
  2436 | D:4      | Became a worshipper of Yredelemnul the Dark
  2436 | D:4      | Reached * piety under Yredelemnul
  2436 | D:4      | Reached ** piety under Yredelemnul
  2777 | D:5      | Reached skill level 8 in Unarmed Combat
  2853 | D:5      | Reached skill level 5 in Fighting
  2893 | D:5      | Reached XP level 8. HP: 50/80 MP: 7/7
  3129 | D:5      | Reached skill level 1 in Invocations
  3138 | D:5      | HP: 20/80 [gnoll (4)]
  3623 | D:6      | Noticed a two-headed ogre
  3650 | D:6      | HP: 12/80 [two-headed ogre/giant spiked club (17)]
  3650 | D:6      | HP: 3/80 [two-headed ogre/giant spiked club (9)]
  3816 | D:6      | Found a sand-covered staircase.
  3822 | D:6      | Reached skill level 2 in Invocations
  3838 | Ossuary  | Entered an ossuary
  3880 | Ossuary  | Reached skill level 9 in Unarmed Combat
  4042 | Ossuary  | Reached *** piety under Yredelemnul
  4121 | Ossuary  | Reached skill level 3 in Invocations
  4175 | Ossuary  | Received a gift from Yredelemnul (a mummy)
  4374 | D:6      | Found a shimmering altar of Xom.
  4430 | D:6      | Reached XP level 9. HP: 82/89 MP: 10/10
  4475 | D:6      | Noticed Edmund
  4494 | D:6      | Killed Edmund
  4494 | D:6      | Received a gift from Yredelemnul (a mummy)
  4500 | D:6      | Killed a two-headed ogre
  4500 | D:6      | Reached skill level 6 in Fighting
  4500 | D:6      | Reached skill level 10 in Unarmed Combat
  4500 | D:6      | Reached skill level 4 in Invocations
  4751 | D:6      | Noticed morbho's ghost (novice SpEn)
  4753 | D:6      | Found a stormy altar of Qazlal.
  4881 | D:6      | Killed morbho's ghost
  4973 | D:6      | Found an opulent altar of Gozag.
  4973 | D:6      | Found a glowing silver altar of Zin.
  5435 | D:7      | Found a staircase to the Ecumenical Temple.
  5493 | Temple   | Entered the Ecumenical Temple
  5662 | Temple   | Reached skill level 11 in Unarmed Combat
  6115 | D:7      | Found a sparkling altar of Nemelex Xobeh.
  6378 | D:7      | Reached skill level 5 in Invocations
  6487 | D:8      | Reached XP level 10. HP: 100/100 MP: 12/12
  6682 | D:8      | Reached **** piety under Yredelemnul
  6706 | D:8      | Reached skill level 7 in Fighting
  6934 | D:8      | Noticed a two-headed ogre
  6956 | D:8      | Killed a two-headed ogre
  6981 | D:8      | Found a hazy altar of Hepliaklqana.
  6986 | D:8      | Found a radiant altar of Vehumet.
  6988 | D:8      | Found a hide-covered altar of Uskayaw.
  6988 | D:8      | Found a basalt altar of Yredelemnul.
  6989 | D:8      | Found a bloodstained altar of Trog.
  6992 | D:8      | Found a glowing golden altar of the Shining One.
  7005 | D:8      | HP: 18/102 [warg (16)]
  7005 | D:8      | HP: 7/102 [warg (11)]
  7006 | D:8      | Mangled by a warg

Vault maps used:
D:1:      sevenhm_arrival_forest_fort_small_4
D:2:      chequers_ecumenical_altar_lobes
D:3:      evilmike_ruin_ashenzari, trog_eyes_of_draining, uniq_sigmund,
          uniq_grinder
D:4:      serial_shops, shop_fountains, yredelemnul_altar_generic, uniq_duvessa
D:5:      serial_curves, eino_curves_03, eino_curves_02, first_bread
D:6:      grunt_temple_overflow_gold_and_silver, xom_redecorated,
          old_standard_altar, chequers_ossuary_entry_cave, uniq_edmund
D:7:      nemelex_xobeh_ov_fountains_minmay, temple_green,
          minmay_misc_feat_more_columns
D:8:      minitemple, erik_lair_orcish_takeover, blue_anna_alchemist
Temple:   dpeg_chambers_temple
Ossuary:  ossuary_zaba_flooded

Skill      XL: |  1  2  3  4  5  6  7  8  9 10 |
---------------+-------------------------------+-----
Unarmed Combat | 4 5 6 8 9 11 | 11.8
Fighting       | 3 4 5 6 7 |  7.3
Invocations    | 3 5 |  5.7
Dodging        | |  2.4
Stealth        | |  1.0

Action                   |  1- 3 |  4- 6 |  7- 9 | 10-12 || total
-------------------------+-------+-------+-------+-------++-------
Melee: Unarmed           |    86 |   146 |   395 |    73 ||   700
       Punch             |       |     1 |    18 |     9 ||    28
Invok: Recall Undead Sla |       |       |     2 |       ||     2
       Animate Dead      |       |       |     2 |     2 ||     4
  Use: Scroll            |       |       |    17 |       ||    17
       Potion            |       |       |     2 |     2 ||     4
 Stab: Sleeping          |     4 |     1 |     2 |       ||     7
  Eat: Chunk             |    15 |     7 |    39 |     5 ||    66
       Fruit             |       |       |     6 |       ||     6
Armor: Robe              |    33 |    29 |   114 |    27 ||   203
Dodge: Dodged            |    49 |    63 |   148 |    32 ||   292

Table legend:
 A = Turns spent in this place as a percentage of turns spent in the entire game.
 B = Non-inter-level travel turns spent in this place as a percentage of non-inter-level travel turns spent in the entire game.
 C = Inter-level travel turns spent in this place as a percentage of turns spent in this place.
 D = Turns resting spent in this place as a percentage of non-inter-level travel turns spent in this place.
 E = Turns spent auto-exploring this place as a percentage of non-inter-level travel turns spent in this place.
 F = Non-inter-level travel turns spent in this place divided by the number of levels of this place that you've seen.
                   A       B       C       D       E      F
               +-------+-------+-------+-------+-------+----------------------
         Total | 100.0 | 100.0 |   0.3 |   2.2 |  10.0 | 263.6
       Dungeon |  86.7 |  86.7 |   0.3 |   1.9 |  10.5 | 285.8
        Temple |   2.1 |   2.1 |   1.8 |  10.9 |  27.3 |  55.0
       Ossuary |  11.2 |  11.2 |   0.0 |   2.7 |   2.7 | 295.0
               +-------+-------+-------+-------+-------+----------------------

Table legend:
 A = Kills in this place as a percentage of kills in entire the game.
 B = Kills by you in this place as a percentage of kills by you in the entire game.
 C = Kills by friends in this place as a percentage of kills by friends in the entire game.
 D = Other kills in this place as a percentage of other kills in the entire game.
 E = Experience gained in this place as a percentage of experience gained in the entire game.
 F = Experience gained in this place divided by the number of levels of this place that you have seen.
                   A       B       C       D       E      F
               +-------+-------+-------+-------+-------+----------------------
         Total | 100.0 | 100.0 |  -nan |  -nan | 100.0 | 771.5
       Dungeon |  81.9 |  81.9 |  -nan |  -nan |  87.0 | 838.6
        Temple |   2.3 |   2.3 |  -nan |  -nan |   3.4 | 264.0
       Ossuary |  15.7 |  15.7 |  -nan |  -nan |   9.6 | 742.0
               +-------+-------+-------+-------+-------+----------------------
